NCAA
KANSAS STATE WILDCATS @ TEXAS A&M AGGIES
05/08/2029
 
TOP OF THE 1ST
Kansas State Wildcats batting - Pitching for Texas A&M Aggies : RHP Albert Berry
Pitching: RHP Albert Berry
Batting: RHB Don Prince 0-0: DOUBLE (Line Drive, 7LD)
Batting: RHB Tony Klein 0-0: Ball
1-0: Swinging Strike
1-1: Ground out 6-3 (Groundball, 6)
Batting: RHB Fred Smith 0-0: Ball
1-0: Ground out 4-3 (Groundball, 4)
Don Prince to third
Batting: RHB Jeff Moore 0-0: Foul Ball, location: 2F
0-1: Fly out, F8 (Flyball, 8LD)
Top of the 1st over - 0 runs, 1 hit, 0 errors, 1 left on base; Kansas State 0 - Texas A&M 0
BOTTOM OF THE 1ST
Texas A&M Aggies batting - Pitching for Kansas State Wildcats : LHP William Brown
Pitching: LHP William Brown
Batting: RHB Mike Tate 0-0: Ground out 4-3 (Groundball, 4S)
Batting: RHB Bruce Holliday 0-0: Ball
1-0: Foul Ball, location: 2F
1-1: Foul Ball, location: 2F
1-2: Ball
2-2: Foul Ball, location: 2F
2-2: Foul Ball, location: 2F
2-2: Foul Ball, location: 2F
2-2: Strikes out swinging
Batting: RHB Júlio Hobbs 0-0: Called Strike
0-1: Ball
1-1: Called Strike
1-2: Strikes out swinging
Bottom of the 1st over - 0 runs, 0 hits, 0 errors, 0 left on base; Kansas State 0 - Texas A&M 0
TOP OF THE 2ND
Kansas State Wildcats batting - Pitching for Texas A&M Aggies : RHP Albert Berry
Batting: SHB Larry Edwards 0-0: Ball
1-0: Fly out, F8 (Flyball, 8LM)
Batting: RHB Enrique Navarro 0-0: Swinging Strike
0-1: Ball
1-1: Fly out, F8 (Flyball, 8RM)
Batting: RHB Bob Vaughn 0-0: Ball
1-0: Foul Ball, location: 2F
1-1: Ball
2-1: Ball
3-1: Base on Balls
Batting: RHB Steve Davenport 0-0: Called Strike
0-1: Ball
1-1: Fly out, F9 (Flyball, 89D)
Top of the 2nd over - 0 runs, 0 hits, 0 errors, 1 left on base; Kansas State 0 - Texas A&M 0
BOTTOM OF THE 2ND
Texas A&M Aggies batting - Pitching for Kansas State Wildcats : LHP William Brown
Batting: RHB Arthur Wilson 0-0: SINGLE (Groundball, 56D)
Batting: RHB Luis García 0-0: Ball
1-0: Called Strike
1-1: Ball
2-1: Swinging Strike
2-2: Strikes out looking
Batting: RHB Daniel Pineda 0-0: Ball
1-0: Ball
2-0: Called Strike
2-1: Fielders Choice at 2nd, 1-6 (Groundball, 13S)
Batting: SHB Orlando Ortíz 0-0: Ball
1-0: Ball
2-0: Ball
3-0: Base on Balls
Daniel Pineda to second
Batting: RHB Randy Akers 0-0: Ball
1-0: Ball
2-0: Ball
3-0: Foul Ball, location: 2F
3-1: Foul Ball, location: 2F
3-2: Fly out, F4 (Line Drive, 4)
Bottom of the 2nd over - 0 runs, 1 hit, 0 errors, 2 left on base; Kansas State 0 - Texas A&M 0
TOP OF THE 3RD
Kansas State Wildcats batting - Pitching for Texas A&M Aggies : RHP Albert Berry
Batting: RHB Mario Ramírez 0-0: Ball
1-0: Ball
2-0: Ball
3-0: Called Strike
3-1: Called Strike
3-2: Base on Balls
Batting: RHB Don Prince 0-0: Called Strike
0-1: Foul Ball, location: 2F
0-2: Ball
1-2: Foul Ball, location: 2F
1-2: SINGLE (Line Drive, 34D)
Mario Ramírez to second
Batting: RHB Tony Klein 0-0: Foul Ball, location: 2F
0-1: Ball
1-1: Swinging Strike
1-2: Foul Ball, location: 2F
1-2: Fielders Choice at 2nd, 3-6 (Groundball, 3)
Mario Ramírez to third
Batting: RHB Fred Smith 0-0: Ball
1-0: SINGLE (Groundball, 34) (infield hit)
Mario Ramírez scores
Tony Klein to second
Batting: RHB Jeff Moore 0-0: Ball
1-0: Foul Ball, location: 2F
1-1: Ball
2-1: Swinging Strike
2-2: Strikes out swinging
Batting: SHB Larry Edwards 0-0: Foul Ball, location: 2F
0-1: Fly out, F3 (Line Drive, 3)
Top of the 3rd over - 1 run, 2 hits, 0 errors, 2 left on base; Kansas State 1 - Texas A&M 0
BOTTOM OF THE 3RD
Texas A&M Aggies batting - Pitching for Kansas State Wildcats : LHP William Brown
Batting: RHB Anthony Graham 0-0: Called Strike
0-1: Ball
1-1: Foul Ball, location: 2F
1-2: Strikes out swinging
Batting: RHB Mike Tate 0-0: Swinging Strike
0-1: Ball
1-1: Ball
2-1: Foul Ball, location: 2F
2-2: Ball
3-2: Fly out, F9 (Flyball, 89M)
Batting: RHB Bruce Holliday 0-0: Ground out 4-3 (Groundball, 4)
Bottom of the 3rd over - 0 runs, 0 hits, 0 errors, 0 left on base; Kansas State 1 - Texas A&M 0
TOP OF THE 4TH
Kansas State Wildcats batting - Pitching for Texas A&M Aggies : RHP Albert Berry
Batting: RHB Enrique Navarro 0-0: Fly out, F7 (Flyball, 7LS)
Batting: RHB Bob Vaughn 0-0: Called Strike
0-1: Ball
1-1: Foul Ball, location: 2F
1-2: SINGLE (Flyball, 89S)
Batting: RHB Steve Davenport 0-0: Fly out, F8 (Flyball, 8RM)
Batting: RHB Mario Ramírez 0-0: Fly out, F7 (Flyball, 7D)
Top of the 4th over - 0 runs, 1 hit, 0 errors, 1 left on base; Kansas State 1 - Texas A&M 0
BOTTOM OF THE 4TH
Texas A&M Aggies batting - Pitching for Kansas State Wildcats : LHP William Brown
Batting: RHB Júlio Hobbs 0-0: Ball
1-0: SINGLE (Line Drive, 8LS)
Batting: RHB Arthur Wilson 0-0: Called Strike
0-1: Ball
1-1: Ball
2-1: Ball
3-1: Base on Balls
Júlio Hobbs to second
Batting: RHB Luis García 0-0: Ball
1-0: Called Strike
1-1: Swinging Strike
1-2: Ball
2-2: Ball
3-2: Foul Ball, location: 2F
3-2: Foul Ball, location: 2F
3-2: Foul Ball, location: 2F
3-2: Base on Balls
Júlio Hobbs to third
Arthur Wilson to second
Batting: RHB Daniel Pineda 0-0: Foul Ball, location: 2F
0-1: Fly out, F8 (Flyball, 8RS)
Runner from 3rd tags up, SCORES, no throw
Batting: SHB Orlando Ortíz 0-0: Called Strike
0-1: Foul Ball, location: 2F
0-2: Ball
1-2: SINGLE (Line Drive, 9S)
Arthur Wilson to third
Luis García to second
Runner from 3rd tries for Home, SAFE, throw made home
Batting: RHB Randy Akers 0-0: Called Strike
0-1: Ball
1-1: Swinging Strike
1-2: Ball
2-2: Strikes out swinging
Batting: RHB Anthony Graham 0-0: Fielders Choice at 2nd, 6-4 (Groundball, 6)
Bottom of the 4th over - 2 runs, 2 hits, 0 errors, 2 left on base; Kansas State 1 - Texas A&M 2
TOP OF THE 5TH
Kansas State Wildcats batting - Pitching for Texas A&M Aggies : RHP Albert Berry
Batting: RHB Don Prince 0-0: Ball
1-0: Foul Ball, location: 2F
1-1: Ball
2-1: Ground out 1-3 (Groundball, 13S)
Batting: RHB Tony Klein 0-0: Called Strike
0-1: Fly out, F6 (Popup, 4M)
Batting: RHB Fred Smith 0-0: Called Strike
0-1: Ball
1-1: Ground out 5-3 (Groundball, 56)
Top of the 5th over - 0 runs, 0 hits, 0 errors, 0 left on base; Kansas State 1 - Texas A&M 2
BOTTOM OF THE 5TH
Texas A&M Aggies batting - Pitching for Kansas State Wildcats : LHP William Brown
Batting: RHB Mike Tate 0-0: Ground out 6-3 (Groundball, 6M)
Batting: RHB Bruce Holliday 0-0: Ball
1-0: SINGLE (Groundball, 3S) (infield hit)
Batting: RHB Júlio Hobbs 0-0: Ball
1-0: Foul Ball, location: 2F
1-1: Called Strike
1-2: Ball
2-2: Fly out, F7 (Flyball, 78M)
Pitching: RHP Dewey Jackson
Batting: RHB Arthur Wilson 0-0: Called Strike
0-1: Ball
Passed Ball!
Bruce Holliday to second
1-1: Called Strike
1-2: Strikes out swinging, 2-3 out at first.
Bottom of the 5th over - 0 runs, 1 hit, 0 errors, 1 left on base; Kansas State 1 - Texas A&M 2
TOP OF THE 6TH
Kansas State Wildcats batting - Pitching for Texas A&M Aggies : RHP Albert Berry
Batting: RHB Jeff Moore 0-0: Called Strike
0-1: Foul Ball, location: 2F
0-2: Ball
1-2: Strikes out swinging
Batting: SHB Larry Edwards 0-0: Ball
1-0: Swinging Strike
1-1: Called Strike
1-2: Ball
2-2: Foul Ball, location: 2F
2-2: Fly out, F8 (Flyball, 89D)
Batting: RHB Enrique Navarro 0-0: Called Strike
0-1: Fly out, F4 (Popup, 3D)
Top of the 6th over - 0 runs, 0 hits, 0 errors, 0 left on base; Kansas State 1 - Texas A&M 2
BOTTOM OF THE 6TH
Texas A&M Aggies batting - Pitching for Kansas State Wildcats : RHP Dewey Jackson
Batting: RHB Luis García 0-0: Called Strike
0-1: Ball
1-1: Foul Ball, location: 2F
1-2: Ball
2-2: Foul Ball, location: 2F
2-2: Foul Ball, location: 2F
2-2: Strikes out swinging
Batting: RHB Daniel Pineda 0-0: Ball
1-0: Ball
2-0: SINGLE (Groundball, 4D)
Batting: SHB Orlando Ortíz 0-0: Ball
Daniel Pineda steals 2nd base
1-0: Intentional Walk
Batting: RHB Randy Akers 0-0: Called Strike
0-1: SINGLE (Flyball, 78S)
Daniel Pineda to third
Orlando Ortíz to second
Runner from 3rd tries for Home, SAFE, throw made home
Batting: RHB Anthony Graham 0-0: Called Strike
0-1: Swinging Strike
0-2: Ball
1-2: Strikes out swinging
Batting: RHB Mike Tate 0-0: Fly out, F7 (Flyball, 7LMF)
Bottom of the 6th over - 1 run, 2 hits, 0 errors, 2 left on base; Kansas State 1 - Texas A&M 3
TOP OF THE 7TH
Kansas State Wildcats batting - Pitching for Texas A&M Aggies : RHP Albert Berry
Batting: RHB Bob Vaughn 0-0: Fly out, F3 (Line Drive, 34)
Batting: RHB Steve Davenport 0-0: Ball
1-0: SINGLE (Groundball, 56D)
Batting: RHB Mario Ramírez 0-0: Ball
1-0: Grounds into double play, 5-4-3 (Groundball, 5L)
Top of the 7th over - 0 runs, 1 hit, 0 errors, 0 left on base; Kansas State 1 - Texas A&M 3
BOTTOM OF THE 7TH
Texas A&M Aggies batting - Pitching for Kansas State Wildcats : RHP Dewey Jackson
Batting: RHB Bruce Holliday 0-0: Called Strike
0-1: Swinging Strike
0-2: Ball
1-2: Fly out, F8 (Flyball, 8RXD)
Batting: RHB Júlio Hobbs 0-0: Ball
1-0: Ball
2-0: Ball
3-0: Called Strike
3-1: Called Strike
3-2: Foul Ball, location: 2F
3-2: Strikes out looking
Batting: RHB Arthur Wilson 0-0: Called Strike
0-1: Foul Ball, location: 2F
0-2: Fly out, F6 (Line Drive, 6M)
Bottom of the 7th over - 0 runs, 0 hits, 0 errors, 0 left on base; Kansas State 1 - Texas A&M 3
TOP OF THE 8TH
Kansas State Wildcats batting - Pitching for Texas A&M Aggies : RHP Albert Berry
Batting: RHB Don Prince 0-0: Ball
1-0: Called Strike
1-1: Ball
2-1: Ball
3-1: Swinging Strike
3-2: Strikes out swinging
Pitching: LHP John Nelson
Batting: RHB Tony Klein 0-0: Ball
1-0: Foul Ball, location: 2F
1-1: SINGLE (Flyball, 78M)
Batting: RHB Fred Smith 0-0: Ball
1-0: Called Strike
1-1: Ball
2-1: Swinging Strike
2-2: Strikes out swinging
Batting: RHB Jeff Moore 0-0: Ball
1-0: Foul Ball, location: 2F
1-1: Called Strike
1-2: Ball
2-2: Strikes out swinging
Top of the 8th over - 0 runs, 1 hit, 0 errors, 1 left on base; Kansas State 1 - Texas A&M 3
BOTTOM OF THE 8TH
Texas A&M Aggies batting - Pitching for Kansas State Wildcats : RHP Dewey Jackson
Batting: RHB Luis García 0-0: Ball
1-0: Foul Ball, location: 2F
1-1: Foul Ball, location: 2F
1-2: Ball
2-2: Ball
3-2: Base on Balls
Batting: RHB Daniel Pineda 0-0: Ball
1-0: Called Strike
1-1: Foul Ball, location: 2F
1-2: Foul Ball, location: 2F
1-2: Ball
2-2: Ball
3-2: SINGLE (Line Drive, 4D)
Luis García to second
Batting: SHB Orlando Ortíz 0-0: Called Strike
0-1: Ball
1-1: Ball
2-1: Ball
3-1: Foul Ball, location: 2F
3-2: Fly out, F4 (Popup, 4D)
Pinch Hitting: RHB Greg Marshall 0-0: Foul Ball, location: 2F
0-1: Called Strike
0-2: Strikes out swinging
Batting: RHB Anthony Graham 0-0: Ball
1-0: Foul Ball, location: 2F
1-1: Ball
2-1: Ball
3-1: Base on Balls
Luis García to third
Daniel Pineda to second
Pitching: RHP Craig Miller
Batting: RHB Mike Tate 0-0: Ball
1-0: Called Strike
1-1: Foul Ball, location: 2F
1-2: Ball
2-2: Single, Error in OF, E8, batter to second base
Luis García scores
Daniel Pineda scores
Anthony Graham to third
Batting: RHB Bruce Holliday 0-0: Called Strike
0-1: Fly out, F4 (Popup, 34D)
Bottom of the 8th over - 2 runs, 2 hits, 1 error, 2 left on base; Kansas State 1 - Texas A&M 5
TOP OF THE 9TH
Kansas State Wildcats batting - Pitching for Texas A&M Aggies : LHP John Nelson
Pitching: LHP Daniel Holland
Now in RF: Greg Marshall
Batting: SHB Larry Edwards 0-0: Ball
1-0: Ball
2-0: Called Strike
2-1: Foul Ball, location: 2F
2-2: Ball
3-2: SOLO HOME RUN (Flyball, 89XD), Distance : 379 ft
Batting: RHB Enrique Navarro 0-0: Ball
1-0: Called Strike
1-1: Called Strike
1-2: Strikes out swinging
Batting: RHB Bob Vaughn 0-0: Ball
1-0: Called Strike
1-1: Ball
2-1: SINGLE (Groundball, 56D)
Batting: RHB Steve Davenport 0-0: Fly out, F4 (Popup, 4M)
Batting: RHB Mario Ramírez 0-0: Called Strike
0-1: Foul Ball, location: 2F
0-2: Ball
1-2: Ball
2-2: Ball
3-2: Foul Ball, location: 2F
3-2: Strikes out looking
Top of the 9th over - 1 run, 2 hits, 0 errors, 1 left on base; Kansas State 2 - Texas A&M 5
Saturday, December 16th, 2017 - OOTP Baseball 18.8 Build 76